 Dungeon Crawl Stone Soup version 0.19-a0-1068-g99dd0f4 (webtiles) character file.

70 poirepourri the Shooter (level 4, 0/29 HPs)
             Began as a High Elf Hunter on Aug 4, 2016.
             Succumbed to an orc's poison
             ... on level 3 of the Dungeon.
             The game lasted 00:02:29 (1159 turns).

poirepourri the Shooter (High Elf Hunter)           Turns: 1159, Time: 00:02:30

Health: 0/29       AC:  8    Str: 11    XL:     4   Next: 4%
Magic:  5/5        EV: 13    Int: 19    God:
Gold:   68         SH:  0    Dex: 16    Spells: 0 memorised, 3 levels left

rFire  . . .     SeeInvis .     b - +1 shortbow
rCold  . . .     Gourm    .     c - +1 leather armour
rNeg   . . .     Faith    .     (shield currently unavailable)
rPois  .         Spirit   .     (no helmet)
rElec  .         Dismiss  .     (no cloak)
rCorr  .         Reflect  .     n - +0 pair of gloves
SustAt .         Harm     .     (no boots)
MR     .....                    (no amulet)
Stlth  ++........               p - +4 ring of intelligence
                                e - +3 ring of protection

@: lethally poisoned (0 -> -21), hasted, very quick
A: no striking features
a: no special abilities


You were on level 3 of the Dungeon.
You were hungry.

You visited 1 branch of the dungeon, and saw 3 of its levels.

You collected 68 gold pieces.

Inventory:

Hand Weapons
 a - a +2 short sword of speed
 b - a +1 shortbow (weapon)
 j - a +0 short sword
Missiles
 m - 2 arrows (quivered)
Armour
 c - a +1 leather armour (worn)
 n - a +0 pair of gloves (worn)
Jewellery
 e - a +3 ring of protection (left hand)
 p - a +4 ring of intelligence (right hand)
Wands
 k - a wand of slowing (13/48)
Potions
 h - a potion of brilliance {unknown}
 i - 2 potions of haste
 o - a potion of berserk rage {unknown}
Comestibles
 d - a beef jerky
 f - 2 bread rations
 g - 2 meat rations


   Skills:
 + Level 2.0 Fighting
 + Level 7.1 Bows
 + Level 2.7 Dodging
 - Level 1.1 Stealth


You had 3 spell levels left.
You didn't know any spells.

Dungeon Overview and Level Annotations

Branches:
Dungeon (3/15)

Altars:
Qazlal


Message History

You are lethally poisoned!
Firing (i - inventory):
m - 4 arrows (quivered)
Press: ? - help, Shift-Dir - straight line, f/p - orc
Aim: an orc, wielding a short sword of venom and wearing a scale mail (severely wounded)
You shoot an arrow. The arrow barely misses the orc.
You feel sick.
The orc hits you with a short sword of venom!
* * * LOW HITPOINT WARNING * * *
You are more poisoned.
Unknown command.
Firing (i - inventory):
m - 3 arrows (quivered)
Press: ? - help, Shift-Dir - straight line, f/p - orc
Aim: an orc, wielding a short sword of venom and wearing a scale mail (severely wounded)
You shoot an arrow. The arrow hits the orc.
You kill the orc!
* * * LOW HITPOINT WARNING * * *
You feel sick.
* * * LOW HITPOINT WARNING * * *
You feel sick.
It was a potion of haste.
You feel yourself speed up.
You die...

(.. #... .# ... #...
.### (... .... ....
.....#..##..#
...(.#(.#.$.#.#
.....(.........
......)........ #.#...
.. #@#.. .# ..# #)#(#
#.#..# #.#.#####.#..##..
##.................
...#..#)#####.#..#....
.........)..............
......................#.
.......##...............
....... #.#####.........


There were no monsters in sight!

Vanquished Creatures
  An adder (D:2)
  4 worms (D:2)
  A dart slug (D:1)
  6 orcs (D:3)
  3 giant cockroaches
  5 goblins
  2 hobgoblins (D:2)
  4 jackals (D:1)
  5 kobolds
  A quokka (D:2)
  6 bats
  3 rats
41 creatures vanquished.

Notes
Turn   | Place    | Note
-------+----------+-------------------------------------------
     0 | D:1      | poirepourri the High Elf Hunter began the quest for the Orb.
     0 | D:1      | Reached XP level 1. HP: 14/14 MP: 2/2
   127 | D:1      | Reached XP level 2. HP: 15/19 MP: 3/3
   172 | D:1      | Reached skill level 6 in Bows
   590 | D:2      | Reached XP level 3. HP: 24/24 MP: 4/4
   970 | D:2      | Found a faded altar of an unknown god.
  1039 | D:2      | Found a stormy altar of Qazlal.
  1129 | D:3      | Reached skill level 7 in Bows
  1132 | D:3      | Reached XP level 4. HP: 21/29 MP: 5/5
  1159 | D:3      | Succumbed to an orc's poison

Vault maps used:
D:1:      dpeg_arrival_tiny_b
D:2:      marbit_many_paths, ecumenical_altar_2
D:3:      kennysheep_the_goblin_king, fedhas_altar_2, first_bread

Skill      XL: |  1  2  3 |
---------------+----------+-----
Bows           | 6 7 |  7.1
Fighting       | |  2.0
Dodging        | |  2.7
Stealth        | |  1.1

Action                   |  1- 3 |  4- 6 || total
-------------------------+-------+-------++-------
Melee: Short sword       |    10 |       ||    10
 Fire: Shortbow          |   115 |    11 ||   126
  Use: Scroll            |     2 |       ||     2
       Potion            |       |     1 ||     1
Armor: Leather armour    |    13 |       ||    13
Dodge: Dodged            |    31 |     1 ||    32
